Unix NetHack Version 3.7.0-102 Work-in-progress - last build Apr 6 2024 13:22:21 (d302a6a9ff6341f1a922d8f5af178406b35fdf99,branch:master). Game began 2024-05-03 13:45:20, ended 2024-05-03 14:38:18. farfar, lawful female human Valkyrie #--------------------------------# #................................## ------#########|.-|------..{.----....-|------.| |....|# #|.|..|%?(|....|..|....|..|...|.| |....-#########|.|)"|/[?|....|..|....|{.|...-.| |....| #|.|+[|...|....|..|....-------|.| --.--- #|.|----|--....-|--......|*...|.| ### #|.|..-.............--|-.|..@.|.| ### #|.|..|.--|-..{..--||).|a|.._.|.| # #|.----.|..|-|--.|..|%!|.@....|)| ## ----- # #|......|..|...|.|..|!%|.-----|.|# # ...| ####-......|--|...||------|..| ..|.|# # |...| #|......|..|...|....| |..|...|.|###)#############.<..| #|......|..|...|....| +..-...|.|## |...| #|......-|--------------..-----.|#### -...| |............................?..# |...| --------------------------------# ----- # Farfar the Fighter St:14 Dx:15 Co:17 In:8 Wi:10 Ch:9 Lawful S:6084 Dlvl:7 $:2694 HP:0(67) Pw:14(14) AC:0 Xp:7/765 T:2847 Overtaxed Latest messages: The horse misses! You hit the horse! The horse kicks! The horse misses! You kill the horse! You miss the giant beetle. The giant beetle bites! You hit the giant beetle! Pick an object. n a nymph (water nymph) The water nymph picks up a horse corpse. What do you want to zap? [prCDNQ or ?*] In what direction? The wand misses the water nymph. What do you want to zap? [prCDNQ or ?*] In what direction? The wand hits the water nymph! The water nymph resists! What do you want to zap? [prCDNQ or ?*] In what direction? The sleep ray hits the water nymph. The sleep ray bounces! You hit the water nymph! You kill the water nymph! There are several objects here. You have trouble lifting a water nymph corpse. Continue? [ynq] (q) You have trouble lifting A - a water nymph corpse. f - 3 unlabeled scrolls. G - a clear potion. H - a puce potion. You rebalance your load. Movement is difficult. You experience a sense of peace. # What do you want to sacrifice? [A or ?*] Your sacrifice is consumed in a flash of light! You glimpse a four-leaf clover at your feet. Your movements are only slowed slightly by your load. You see here a horse corpse. You have extreme difficulty lifting a horse corpse. Continue? [ynq] (q) You have extreme difficulty lifting I - a horse corpse. You can barely move a handspan with this load! The giant beetle bites! The giant beetle just misses! The giant beetle bites! "Pilgrim, you enter a sacred place!" The giant beetle bites! The giant beetle bites! You die... Do you want your possessions identified? [ynq] (y) Do you want to see your attributes? [ynq] (y) Inventory: Coins $ - 2694 gold pieces Weapons b - 4 +0 daggers (alternate weapons; not wielded) a - a rusty +1 spear (weapon in right hand) Armor t - an uncursed +0 orcish helm (being worn) l - an uncursed +0 pair of speed boots (being worn) c - an uncursed +3 small shield (being worn) M - an uncursed +0 dwarvish cloak (being worn) J - an uncursed +0 Hawaiian shirt with an orchid motif (being worn) w - a blessed +2 leather armor (being worn) Comestibles d - an uncursed food ration x - 2 uncursed lembas wafers s - an uncursed tin of broiled newt meat I - an uncursed horse corpse Scrolls f - 3 uncursed scrolls of blank paper n - a cursed scroll of blank paper z - an uncursed scroll of enchant weapon K - an uncursed scroll of genocide u - an uncursed scroll of gold detection y - an uncursed scroll of identify F - an uncursed scroll of magic mapping P - an uncursed scroll of punishment S - an uncursed scroll of teleportation B - a cursed scroll of teleportation Potions g - an uncursed potion of enlightenment named 100z T - an uncursed potion of extra healing E - an uncursed potion of hallucination R - 5 uncursed potions of healing X - a cursed potion of healing q - an uncursed potion of levitation h - an uncursed potion of monster detection named 75z H - an uncursed potion of object detection j - 3 uncursed potions of see invisible named 25z U - an uncursed potion of sleeping i - a potion of holy water G - an uncursed potion of water Rings v - an uncursed ring of fire resistance k - an uncursed ring of poison resistance (on right hand) Wands r - a wand of digging (0:5) D - a wand of light (0:10) Q - a wand of make invisible (0:4) C - a wand of probing (0:2) p - a wand of sleep named sleep/death (0:4) N - a wand of striking (0:3) Tools e - an uncursed oil lamp Farfar the Valkyrie's attributes: Background: You were a Fighter, a level 7 human Valkyrie. You were lawful, on a mission for Tyr who was opposed by Odin (neutral) and Loki (chaotic). You were right-handed. You were in the Gnomish Mines, on level 7. You entered the dungeon 2847 turns ago. You had 765 experience points, 515 more were needed to attain level 8. Your score was 6084 before end-of-game adjustments. Basics: You had 0 out of 67 hit points. You had all 14 energy points (spell power). Your armor class was 0. Your wallet contained 2694 zorkmids. Autopickup was off. Final Characteristics: Your strength was 14 (peak:17, limit:18/100). Your dexterity was 15 (limit:18). Your constitution was 17 (limit:18). Your intelligence was 8 (limit:18). Your wisdom was 10 (limit:18). Your charisma was 9 (limit:18). Final Status: You weren't hungry. You were overtaxed; movement was extremely slowed. You were wielding a spear. You were skilled in spear. Final Attributes: You were piously aligned. Your items were somewhat protected from fire. You were cold resistant. Your items were somewhat protected from cold. You were poison resistant. You were stealthy. You were warded. You were very fast. You were lucky. You are dead. Miscellaneous: You never encountered a bones level. Total elapsed playing time was 49 minutes and 52 seconds. Major events: Turn 1: farfar the lawful human Valkyrie entered the dungeon 438: attained the rank of Skirmisher (level 3) 893: entered the Gnomish Mines 2120: attained the rank of Fighter (level 6) 2300: reached Mine Town 2847: killed by a giant beetle Vanquished creatures: a horse a black light a vampire bat a gnome ruler a water nymph 2 rock piercers a fog cloud a shrieker 5 gnome leaders 2 gnomish wizards a gray ooze a straw golem a paper golem a kitten 4 dwarves 2 homunculi 5 monkeys 2 iguanas a killer bee a hobbit a large kobold 2 giant rats 27 gnomes 2 gnome zombies 2 geckos a jackal 2 kobolds 4 goblins 3 grid bugs 2 bats 3 lichens a kobold zombie 4 newts 89 creatures vanquished. No species were genocided or became extinct. Voluntary challenges: You read items or engraved 5 times. You never engraved Elbereth. You never genocided any monsters. You never polymorphed an object. You never changed form. You used no wishes. Achievements: You entered a shop. You attained the rank of Skirmisher. You entered the Gnomish Mines. You attained the rank of Fighter. You entered Minetown. You entered a temple. The Dungeons of Doom: levels 1 to 7 Level 1: Some fountains. Level 2: A fountain. Level 3: A fountain, a sink. Stairs down to The Gnomish Mines. Level 4: A fountain. Level 5: Level 6: Level 7: The Gnomish Mines: levels 4 to 7 Level 4: Level 5: Level 6: Level 7: <- You were here. A temple and an altar to Tyr, some fountains, a sink. Final resting place for you, killed by a giant beetle. Game over: ---------- / \ / REST \ / IN \ / PEACE \ / \ | farfar | | 2694 Au | | killed by a | | giant beetle | | | | | | 2024 | *| * * * | * _________)/\\_//(\/(/\)/\//\/|_)_______ Farvel farfar the Valkyrie... You died in The Gnomish Mines on dungeon level 7 with 5815 points, and 2694 pieces of gold, after 2847 moves. You were level 7 with a maximum of 67 hit points when you died.